 Dungeon Crawl Stone Soup version 0.29.0-11-gd7f09526c8 (webtiles) character file.

Game seed: 9057241684504829002

254 sentinel the Geomancer (level 6, -1/45 HPs)
             Began as a Meteoran Earth Elementalist on Sept 5, 2022.
             Slain by an ice beast (3 damage)
             ... on level 6 of the Dungeon.
             The game lasted 00:01:40 (226 turns).

sentinel the Geomancer (Meteoran Earth Elementalist) Turns: 226, Time: 00:01:41

Health: -1/45      AC:  4    Str: 10    XL:     6   Next: 65%
Magic:  2/11       EV: 12    Int: 18    God:
Gold:   0          SH:  0    Dex: 15    Spells: 7/10 levels left

rFire   + . .      SeeInvis .   (no weapon)
rCold   + . .      Faith    .   (no shield)
rNeg    . . .      Spirit   .   a - +0 robe
rPois   +          Reflect  .   h - +1 helmet
rElec   +          Harm     .   (no cloak)
rCorr   +          Rampage  .   (no gloves)
Will    .....                   (no boots)
Stlth   +.........              (no amulet)
HPRegen 0.15/turn               (no ring)
MPRegen 0.12/turn               (no ring)

@: mighty, about to teleport, resistant, glowing
A: sense surroundings 1, otherworldly, glowing, explore regen
a: no special abilities


You were on level 6 of the Dungeon.
You visited 1 branch of the dungeon, and saw 6 of its levels.

Inventory:

Missiles
 k - 2 boomerangs
Armour
 a - a +0 robe (worn)
 h - a +1 helmet (worn)
Scrolls
 f - a scroll of silence {!r}
Potions
 b - a potion of magic
 d - a potion of might


   Skills:
 - Level 2.4 Dodging
 - Level 1.4 Stealth
 - Level 2.6 Spellcasting
 - Level 1.2 Transmutations
 + Level 8.1 Earth Magic


You had 7 spell levels left.
You knew the following spells:

 Your Spells              Type           Power      Damage    Failure   Level
a - Sandblast             Erth           62%        2d14      1%          1
c - Passwall              Tmut/Erth      15%        N/A       3%          2

Your spell library contained the following spells:

 Spells                   Type           Power      Damage    Failure   Level
 Stone Arrow              Conj/Erth      34%        3d9       10%         3
 Petrify                  Tmut/Erth      19%        N/A       24%         4


Dungeon Overview and Level Annotations

Branches:
Dungeon (6/15) Zot: 3360
 Temple: D:4-7

Altars:

Shops:
D:3 [


Innate Abilities, Weirdness & Mutations

You passively map a small area around you.
You are easily found by Zot.
You glow in the dark.
You regain HP and MP as you explore.


Message History

You hear the sound of rushing water.
There is an entrance to a sewer on this level.
Hurry and find it before the portal rusts away!
Magic restored.
Found 8 gold pieces and a bronze wand.
Found a stone staircase leading down.
There is a stone staircase leading up here.
As you read the scroll labelled ILITWU DUCODD, it crumbles to dust.
It is a scroll of enchant armour.
Your +0 helmet glows green for a moment.
As you read the scroll labelled KUZXYU JEGGIL, it crumbles to dust.
It is a scroll of identify.
f - a scroll of silence The air fills with toxic fumes!
As you read the scroll labelled MOEZOSHEBLI, it crumbles to dust.
It was a scroll of poison.
As you read the scroll labelled QUAZOO NYNUCK, it crumbles to dust.
You assume a fearsome visage.
Nothing appears to happen.
It was a scroll of fear.
As you read the scroll labelled POLULE DUWOTZ, it crumbles to dust.
You feel strangely unstable.
It was a scroll of teleportation.
Unknown command.
Your surroundings suddenly seem different.
Splash!
You fall into the shallow water.
Moving in this stuff is going to be slow.
A rat comes into view.
Found an emerald potion.
The blast of sand misses the rat.
The blast of sand hits the rat!!
You kill the rat!
You can't see any susceptible monsters within range! (Use Z to cast anyway.)
Found a scroll of teleportation.
Found a stone staircase leading down.
c - 2 emerald potions (gained 1)
There are no items here.
t - a scroll of teleportation A sourceless malevolence fills the Dungeon...
With a horrendous wail, an alarm goes off!
A sentinel's mark forms upon you.
You hear a shout!
You hear an angry hiss.
You hear a shout! x4
You hear an angry hiss.
There is a stone staircase leading down here.
It was a potion of might.
You feel very mighty all of a sudden.
d - a potion of might It was a potion of resistance.
You feel protected.
You climb downwards.
There is a stone staircase leading up here.
Found a dagger.
You see here a +0 dagger.
Found 11 gold pieces.
Found a stone staircase leading down.
A steam dragon comes into view.
The steam dragon hisses angrily.
The steam dragon breathes steam at you. The ball of steam misses you.
You hear an angry hiss.
You can't see any susceptible monsters within range! (Use Z to cast anyway.)
You see here 11 gold pieces.
The blast of sand hits the steam dragon.
The steam dragon is lightly wounded.
The blast of sand hits the steam dragon.
The steam dragon is moderately wounded.
The steam dragon breathes steam at you. The ball of steam hits you. You resist.
The blast of sand hits the steam dragon but does no damage.
The steam dragon is moderately wounded.
An ice beast comes into view.
The steam dragon breathes steam at you. The ball of steam misses you.
Casting: Sandblast (safe; 1% risk of failure)
Confirm with . or Enter, or press ? or * to list all spells.
Aiming: Sandblast (safe; 1% risk of failure)
Press: ? - help, Shift-Dir - straight line, f/p - steam dragon
Aim: a steam dragon (moderately wounded, catching its breath, 83% to hit)
You miscast Sandblast.
You are very lightly contaminated with residual magic.
Nothing appears to happen.
Casting: Sandblast (safe; 1% risk of failure)
Confirm with . or Enter, or press ? or * to list all spells.
Aiming: Sandblast (safe; 1% risk of failure)
Press: ? - help, Shift-Dir - straight line, f - ice beast, p - steam dragon
Aim: an ice beast (83% to hit)
The blast of sand hits the steam dragon!
The steam dragon is heavily wounded.
The steam dragon misses you. The steam dragon claws you.
A jelly comes into view.
An iguana comes into view.
The ice beast hits you but does no damage.
The steam dragon barely misses you. The steam dragon claws you.
Casting: Sandblast (safe; 1% risk of failure)
Confirm with . or Enter, or press ? or * to list all spells.
Aiming: Sandblast (safe; 1% risk of failure)
Press: ? - help, Shift-Dir - straight line, f/p - ice beast
Aim: an ice beast (83% to hit)
The blast of sand hits the ice beast!
The ice beast is moderately wounded.
The ice beast misses you. The steam dragon closely misses you.
The steam dragon barely misses you.
Casting: Sandblast (safe; 1% risk of failure)
Confirm with . or Enter, or press ? or * to list all spells.
Aiming: Sandblast (safe; 1% risk of failure)
Press: ? - help, Shift-Dir - straight line, f - steam dragon, p - ice beast
Aim: a steam dragon (heavily wounded, 83% to hit)
The blast of sand hits the steam dragon!
The steam dragon is severely wounded.
The steam dragon bites you. The steam dragon claws you.
The ice beast hits you but does no damage.
The ice beast barely misses you. The steam dragon barely misses you.
The steam dragon claws you. The steam dragon breathes steam at you.
The ball of steam hits you. You resist.
Casting: Sandblast (safe; 1% risk of failure)
Confirm with . or Enter, or press ? or * to list all spells.
Aiming: Sandblast (safe; 1% risk of failure)
Press: ? - help, Shift-Dir - straight line, f/p - steam dragon
Aim: a steam dragon (severely wounded, catching its breath, 83% to hit)
The blast of sand hits the ice beast!
The ice beast is heavily wounded.
The ice beast is engulfed in a cloud of scalding steam.
The ice beast hits you. The ice beast freezes you. You resist.
* * * LOW HITPOINT WARNING * * *
An ice beast comes into view.
Your magical contamination has completely faded away.
Casting: Sandblast (safe; 1% risk of failure)
Confirm with . or Enter, or press ? or * to list all spells.
Aiming: Sandblast (safe; 1% risk of failure)
Press: ? - help, Shift-Dir - straight line, f/p - steam dragon
Aim: a steam dragon (steam, severely wounded, catching its breath, 83% to hit)
The blast of sand hits the steam dragon!
You kill the steam dragon!
The sentinel's mark upon you fades away.
The ice beast is engulfed in a cloud of scalding steam.
The ice beast dies!
The jelly is engulfed in a cloud of scalding steam.
The jelly hits you.
* * * LOW HITPOINT WARNING * * *
You are splashed with acid.
You resist.
* * * LOW HITPOINT WARNING * * *
Your Earth Magic skill gained 2 levels and is now at level 8!
You have reached level 5!
You have reached level 6!
You feel agile.
HP warning!
Okay, then.
As you read the scroll of teleportation, it crumbles to dust.
You feel strangely unstable.
The ice beast is engulfed in a cloud of scalding steam.
The ice beast hits you.
* * * LOW HITPOINT WARNING * * *
The ice beast freezes you. You resist.
You die...

#.# , #.# #.# *
#.# #.# #.# #<#
*#.# #.# , ..#
###.#########.#
#.....).......#
#...#########.##
#.### #ยง.@# #.
#.JY# #.
#..l#*** #
**........ *
#....>...... *
#..........##
#.###...#### * *
... #...#* , *
*## #....,


You could see an ice beast, an iguana and a jelly.

Vanquished Creatures
  A steam dragon (D:6)
  A necrophage (D:4)
  A worm (D:4)
  A dart slug (D:2)
  An endoplasm (D:3)
  A quokka (D:3)
  2 ball pythons
  A kobold (D:2)
  A rat (D:5)
10 creatures vanquished.

Vanquished Creatures (others)
  An ice beast (D:6)
1 creature vanquished.

Grand Total: 11 creatures vanquished

Notes
Turn   | Place    | Note
-------+----------+-------------------------------------------
     0 | D:1      | sentinel the Meteoran Earth Elementalist began the quest
                  | for the Orb.
     0 | D:1      | Reached XP level 1. HP: 14/14 MP: 5/5
    82 | D:2      | Reached skill level 4 in Earth Magic
    87 | D:3      | Reached XP level 2. HP: 20/20 MP: 3/6
    92 | D:2      | Learned a level 2 spell: Passwall
   116 | D:3      | Found Nitevvog's Antique Armour Emporium.
   135 | D:4      | Noticed a necrophage
   143 | D:4      | Killed a necrophage
   144 | D:4      | Reached skill level 5 in Earth Magic
   144 | D:4      | Reached XP level 3. HP: 5/26 MP: 1/8
   144 | D:4      | Reached XP level 4. HP: 7/33 MP: 1/9
   146 | D:4      | Noticed a steam dragon
   173 | D:4      | Reached skill level 6 in Earth Magic
   174 | D:5      | Entered Level 5 of the Dungeon
   213 | D:6      | Noticed a steam dragon
   218 | D:6      | Noticed an ice beast
   224 | D:6      | Noticed an ice beast
   225 | D:6      | Killed a steam dragon
   225 | D:6      | Killed an ice beast
   226 | D:6      | Reached skill level 8 in Earth Magic
   226 | D:6      | Reached XP level 5. HP: 4/38 MP: 2/10
   226 | D:6      | Reached XP level 6. HP: 5/45 MP: 2/11
   226 | D:6      | HP: 2/45 [ice beast (3)]
   226 | D:6      | Slain by an ice beast

Illustrated notes

Levels and vault maps discovered:
D:1:      eino_arrival_cavern_a, layout_basic, serial_shops, shop
D:2:      layout_rooms, basic_ecumenical_altar, minmay_strange_pillars
D:3:      layout_loops_ring, serial_shops, shop, bh_walls_and_bars, uniq_sigmund
D:4:      layout_basic, nicolae_tso_besieged_by_evil,
          minmay_temple_entry_poolview, chequers_avenue, grunt_ministairs_1,
          roderic_filled_cross, minmay_misc_feat_plants, uniq_menkaure
D:5:      layout_rooms, lemuel_round_altar, general_overflow_altar,
          gup_sewer_entry_spiral, uniq_prince_ribbit1
D:6:      layout_loops_ring, zin_purify, overflow_temple_1_default

Skill      XL: |  1  2  3  4 |
---------------+-------------+-----
Earth Magic    | 4 5 8 |  8.1
Dodging        | |  2.4
Stealth        | |  1.4
Spellcasting   | |  2.6
Transmutations | |  1.2

Action                   |  1- 3 |  4- 6 || total
-------------------------+-------+-------++-------
 Cast: Sandblast         |    12 |    13 ||    25
       Passwall          |       |     1 ||     1
  Use: Scroll            |       |     6 ||     6
       Potion            |       |     2 ||     2
Armor: Robe              |     2 |     2 ||     4
Dodge: Dodged            |     2 |     9 ||    11
